 Dungeon Crawl Stone Soup version 0.29.0-7-g18a832c13a (webtiles) character file.

Game seed: 5812373078723200228

23 gelatine the Chopper (level 2, -2/23 HPs)
             Began as a Palentonga Gladiator on Aug 31, 2022.
             Slain by Robin
             ... wielding a +0 falchion
              (6 damage)
             ... on level 2 of the Dungeon.
             The game lasted 00:02:18 (1091 turns).

gelatine the Chopper (Palentonga Gladiator)         Turns: 1091, Time: 00:02:18

Health: -2/23      AC:  5    Str: 19    XL:     2   Next: 75%
Magic:  0/2        EV: 10    Int:  8    God:
Gold:   42         SH:  0    Dex: 11    Spells: 1/1 levels left

rFire   . . .      SeeInvis +   k - +2 spear (venom)
rCold   . . .      Faith    .   (no shield)
rNeg    . . .      Spirit   +   b - +0 leather armour
rPois   .          Reflect  .   c - +0 helmet
rElec   .          Harm     .   (no cloak)
rCorr   .          Rampage  .   (no gloves)
Will    .....                   (no barding)
Stlth   +.........              h - amulet of guardian spirit
HPRegen 0.07/turn               (no ring)
MPRegen 0.08/turn               (no ring)

@: no status effects
A: large, rugged brown scales 3, see invisible, deformed body, roll 1, armoured
tail
a: Rolling Charge


You were on level 2 of the Dungeon.
You visited 1 branch of the dungeon, and saw 2 of its levels.

You collected 42 gold pieces.

Inventory:

Hand Weapons
 a - a +0 war axe
 k - a +2 spear of venom (weapon)
Missiles
 d - 3 throwing nets
 e - a javelin
Armour
 b - a +0 leather armour (worn)
 c - a +0 helmet (worn)
Jewellery
 h - an amulet of guardian spirit (around neck)
Scrolls
 f - 5 scrolls of identify {unknown}
 j - a scroll of magic mapping {unknown}
Potions
 g - 2 potions of invisibility {unknown}
 i - a potion of heal wounds {unknown}
 l - a potion of attraction {unknown}


   Skills:
 + Level 2.1 Fighting
 + Level 3.4 Axes
 + Level 1.4 Throwing
 + Level 2.8 Dodging


You had one spell level left.
You didn't know any spells.
Your spell library was empty.

Dungeon Overview and Level Annotations

Branches:
Dungeon (2/15)

Altars:

Annotations:
D:2 Robin


Innate Abilities, Weirdness & Mutations

You are completely covered in rugged brown scales. (AC +3, +7% HP)
You have supernaturally acute eyesight. (SInv)
Armour fits poorly on your strangely shaped body.
You can roll at nearby foes to attack.
You have a long armoured tail.


Message History

You roll forward with a clatter of scales!
Robin, a hobgoblin and 2 goblins come into view.
You hit the hobgoblin.
The hobgoblin is poisoned.
The hobgoblin is almost dead.
You kill the hobgoblin!
Robin roars a battlecry!
The goblins go into a battle-frenzy!
You roll forward with a clatter of scales!
You barely miss Robin. Robin throws the goblin at you!
You puncture the goblin!
You kill the goblin!
Robin hits you with a +0 falchion.
You barely miss Robin.
Your tail-slap misses Robin.
Robin barely misses you.
You closely miss Robin.
Your tail-slap misses Robin.
Robin throws the goblin at you!
You hit the goblin.
You kill the goblin!
Robin hits you with a +0 falchion.
You barely miss Robin. Robin misses you.
You hit Robin. You punch Robin.
Robin is moderately wounded.
Robin hits you but does no damage.
You hit Robin.
Robin is severely wounded.
Robin hits you with a +0 falchion.
You hit Robin.
Robin is poisoned.
Robin is severely wounded.
Robin drinks a potion.
Robin is healed!
Robin looks more healthy.
You hit Robin.
Robin is poisoned.
You tail-slap Robin.
Robin is severely wounded.
Robin closely misses you.
You barely miss Robin.
Robin is almost dead.
Robin hits you with a +0 falchion.
* * * LOW HITPOINT WARNING * * *
Unknown command.
You completely miss Robin.
Robin is almost dead.
Robin hits you with a +0 falchion.
You die...

..### #
#.....#####
.#
#gg@).##.#
#.
#####))..#
#.##
##.####
...#
#....###
#..
#.##(..####
#..
#.####....#
#. #(#
####.## #.
..# #..###.
.## ##.#...


You could see Robin (very poisoned) and a hobgoblin (strong).

Vanquished Creatures
  An endoplasm (D:1)
  6 goblins
  5 hobgoblins
  A ball python (D:2)
  3 bats
  3 frilled lizards
  2 rats (D:1)
21 creatures vanquished.

Notes
Turn   | Place    | Note
-------+----------+-------------------------------------------
     0 | D:1      | gelatine the Palentonga Gladiator began the quest for the
                  | Orb.
     0 | D:1      | Reached XP level 1. HP: 17/17 MP: 1/1
   285 | D:1      | Reached XP level 2. HP: 23/23 MP: 2/2
  1079 | D:2      | Noticed Robin
  1091 | D:2      | Slain by Robin

Illustrated notes

Levels and vault maps discovered:
D:1:      sevenhm_arrival_forest_fort_small_5, layout_basic
D:2:      layout_rooms, uniq_robin

Action                   || total
-------------------------++-------
Melee: War axe           ||    30
       Spear             ||    23
       Tailslap          ||     3
       Punch             ||     1
 Abil: Rolling Charge    ||    19
Armor: Leather armour    ||    18
Dodge: Dodged            ||    12
